AoeStats
← Simon Stokvis

African Clearing

505019783Analyzed
4v4 RM · 25d ago on Sep 7, 2026· 23m 24s· 8 players
Game mode
Random Map
Map size
Large (8 player)
Population
200
Speed
Normal
Resources
Standard
Victory
Conquest
Starting age
Dark Age
Ending age
Imperial Age
RankedLock teamsTeams togetherTeam positionsShared explorationLock speedFull tech treeHidden civsTurbo modeCheats
Victory
Defeat
🇧🇷 Huns · Brazil
1613
+12
🇧🇷 Slavs · Brazil
1582
+13
🇧🇷 Persians · Brazil
1544
+14
🇧🇷 Koreans · Brazil
1502
+16
🇩🇰 Vietnamese · Denmark
1561
-16
🇨🇳 Spanish · China
1536
-15
🇳🇱 Huns · Netherlands
1498
-13
🇭🇰 Magyars · Hong Kong SAR China
1437
-11
Simon Stokvis
12:35 Feudal Age
17:21 Castle Age
16:17 Double-Bit Axe
17:29 Fletching
19:30 Bodkin Arrow
21:21 Ballistics
ntjc.dk
3:47 Loom
12:51 Feudal Age
18:51 Castle Age
20:08 Double-Bit Axe
20:45 Crossbowman
22:39 Fletching
吉大大
11:33 Feudal Age
12:12 Double-Bit Axe
12:25 Loom
16:56 Scale Barding Armor
18:18 Horse Collar
21:56 Castle Age
20:30 Gold Mining
20:56 Fletching
22:51 Bodkin Arrow
Ren
11:38 Loom
13:24 Feudal Age
17:38 Castle Age
16:06 Double-Bit Axe
16:08 Horse Collar
16:55 Fletching
17:18 Gold Mining
19:04 Bow Saw
SSx_Sinistro
4:53 Loom
14:04 Feudal Age
18:37 Castle Age
20:49 Double-Bit Axe
kurt
3:54 Loom
13:46 Feudal Age
18:16 Castle Age
17:05 Double-Bit Axe
17:46 Fletching
19:09 Bodkin Arrow
20:59 Padded Archer Armor
22:36 Ballistics
SS_T3q
3:43 Loom
12:38 Feudal Age
17:53 Castle Age
17:50 Fletching
17:46 Double-Bit Axe
SS_Spectro
11:19 Loom
13:04 Feudal Age
14:25 Double-Bit Axe
17:17 Castle Age
18:24 Bow Saw
18:04 Horse Collar
21:10 Heavy Plow
Connection lost

Rejoining the realm…

Still unreachable

The connection could not be restored.

Session expired

The server has moved on; the page needs a fresh start.